[Event "M. Gvozdenovica Memorial 2019"]
[Site "Valjevo"]
[Date "2019.10.08"]
[Round "5.1"]
[White "Blagojevic, Dragisa"]
[Black "Tomic, Aleksandar"]
[Result "1/2-1/2"]
[ECO "A43"]
[WhiteElo "2500"]
[BlackElo "2360"]
[Annotator "ChessBase"]
[PlyCount "75"]
[EventDate "2019.10.08"]
[EventCountry "SRB"]
[SourceTitle "playchess.com"]
[Source "ChessBase"]
[SourceQuality "1"]
[TimeControl "5400+30"]

1. d4 c5 2. e4 e6 3. d5 exd5 4. exd5 d6 5. Bb5+ Nd7 6. a4 Ngf6 7. Nf3 Be7 8. O-O a6 9. Be2 O-O 10. c4 Re8 11. Nc3 Nf8 12. h3 Ng6 13. Re1 Bf5 14. Bf1 h5 15. Bg5 Nd7 16. Bxe7 Rxe7 17. Qd2 Rxe1 18. Rxe1 Qf6 19. Ng5 Qd8 20. Nge4 Bxe4 21. Nxe4 Nf6 22. Qg5 Nxe4 23. Qxd8+ Rxd8 24. Rxe4 Ne5 25. f4 Nd7 26. Be2 Kf8 27. Kf2 g6 28. g4 hxg4 29. hxg4 Re8 30. Rxe8+ Kxe8 31. g5 a5 32. Bg4 b6 33. Bxd7+ Kxd7 34. Kf3 Ke7 35. f5 Kd7 36. Kf4 Ke7 37. Ke4 Kd7 38. Kf4 1/2-1/2

[Event "M. Gvozdenovica Memorial 2019"]
[Site "Valjevo"]
[Date "2019.10.08"]
[Round "5.5"]
[White "Ratkovic, Milovan"]
[Black "Savic, Miodrag R"]
[Result "1-0"]
[ECO "D37"]
[WhiteElo "2416"]
[BlackElo "2453"]
[Annotator "ChessBase"]
[PlyCount "87"]
[EventDate "2019.10.08"]
[EventCountry "SRB"]
[SourceTitle "playchess.com"]
[Source "ChessBase"]
[SourceQuality "1"]
[TimeControl "5400+30"]

1. d4 Nf6 2. c4 e6 3. Nc3 d5 4. Nf3 Be7 5. Bf4 O-O 6. e3 b6 7. cxd5 exd5 8. Bd3 Bb7 9. Ne5 Nbd7 10. Rc1 c5 11. O-O a6 12. Qf3 g6 13. Rfd1 Rc8 14. Bb1 Re8 15. h4 Nf8 16. g4 Bd6 17. Bg5 Be7 18. Ne2 Ne6 19. Nf4 Nxf4 20. Qxf4 cxd4 21. exd4 Qd6 22. f3 Rxc1 23. Rxc1 Rc8 24. Rxc8+ Bxc8 25. Nxg6 fxg6 26. Qxd6 Bxd6 27. Bxf6 Bf4 28. Bg5 Bd6 29. Kf2 Kf7 30. Ke3 b5 31. Bf4 Be7 32. h5 Bd7 33. hxg6+ hxg6 34. Bc2 Bc6 35. Be5 Bd8 36. Bd3 Be7 37. Bc7 Bb7 38. f4 Bc8 39. Kf3 Bf6 40. Be5 Bd8 41. f5 gxf5 42. gxf5 Bd7 43. Kf4 Bc8 44. Be2 1-0

[Event "M. Gvozdenovica Memorial 2019"]
[Site "Valjevo"]
[Date "2019.10.09"]
[Round "6.1"]
[White "Tomic, Aleksandar"]
[Black "Savic, Miodrag R"]
[Result "1/2-1/2"]
[ECO "D61"]
[WhiteElo "2360"]
[BlackElo "2453"]
[Annotator "ChessBase"]
[PlyCount "29"]
[EventDate "2019.10.08"]
[EventCountry "SRB"]
[SourceTitle "playchess.com"]
[Source "ChessBase"]
[SourceQuality "1"]
[TimeControl "5400+30"]

1. d4 Nf6 2. c4 e6 3. Nc3 d5 4. Nf3 Be7 5. Bg5 O-O 6. e3 Nbd7 7. Qc2 h6 8. Bh4 c6 9. Be2 b6 10. O-O Bb7 11. Rfd1 Rc8 12. e4 dxe4 13. Nxe4 Nxe4 14. Bxe7 Qxe7 15. Qxe4 1/2-1/2

[Event "M. Gvozdenovica Memorial 2019"]
[Site "Valjevo"]
[Date "2019.10.09"]
[Round "6.2"]
[White "Ratkovic, Miloje"]
[Black "Ratkovic, Milovan"]
[Result "0-1"]
[ECO "D25"]
[WhiteElo "2456"]
[BlackElo "2416"]
[Annotator "ChessBase"]
[PlyCount "76"]
[EventDate "2019.10.08"]
[EventCountry "SRB"]
[SourceTitle "playchess.com"]
[Source "ChessBase"]
[SourceQuality "1"]
[TimeControl "5400+30"]

1. d4 d5 2. c4 dxc4 3. Nf3 Nf6 4. e3 Bg4 5. Bxc4 e6 6. O-O a6 7. Nc3 Nc6 8. b3 Bd6 9. Bb2 O-O 10. Be2 Qe8 11. Rc1 Rd8 12. Nd2 Bxe2 13. Qxe2 Ne7 14. e4 Nd7 15. Nc4 Ng6 16. Rfd1 Nf4 17. Qg4 g6 18. Ne3 h5 19. Qf3 f5 20. d5 e5 21. exf5 gxf5 22. Nc4 Qg6 23. Nxd6 cxd6 24. Ne2 Nxe2+ 25. Qxe2 Nf6 26. f3 Rd7 27. Kh1 f4 28. Rc2 Rg7 29. Qd2 h4 30. h3 Nh5 31. Rdc1 Ng3+ 32. Kh2 Nf5 33. Qe2 Ne3 34. Rd2 Kh7 35. Kh1 Rfg8 36. Rg1 Qf5 37. Kh2 Rxg2+ 38. Rxg2 Rxg2+ 0-1

[Event "M. Gvozdenovica Memorial 2019"]
[Site "Valjevo"]
[Date "2019.10.09"]
[Round "6.3"]
[White "Markovic, Miroslav"]
[Black "Stojanovic, Dalibor"]
[Result "0-1"]
[ECO "C48"]
[WhiteElo "2392"]
[BlackElo "2501"]
[Annotator "ChessBase"]
[PlyCount "110"]
[EventDate "2019.10.08"]
[EventCountry "SRB"]
[SourceTitle "playchess.com"]
[Source "ChessBase"]
[SourceQuality "1"]
[TimeControl "5400+30"]

1. e4 e5 2. Nf3 Nc6 3. Nc3 Nf6 4. Bb5 Nd4 5. Bc4 d6 6. Nxd4 exd4 7. Nd5 Nd7 8. O-O g6 9. Qf3 c6 10. Nf4 Ne5 11. Qe2 g5 12. Nh3 Bxh3 13. gxh3 Qd7 14. d3 Qxh3 15. f4 Nxc4 16. dxc4 g4 17. f5 g3 18. Bf4 Qxh2+ 19. Qxh2 gxh2+ 20. Kxh2 Kd7 21. Kg3 Re8 22. Kf3 Bg7 23. Rh1 h5 24. Rad1 c5 25. c3 Be5 26. cxd4 cxd4 27. b3 Rc8 28. Rh4 a6 29. a4 b5 30. axb5 axb5 31. Ra1 bxc4 32. bxc4 Rxc4 33. Bd2 Rc2 34. Ra7+ Rc7 35. Ra6 Rb7 36. Ra3 Bf6 37. Rh3 h4 38. Be1 Kc6 39. Bf2 Rhb8 40. Kg4 Rb2 41. Ra6+ R8b6 42. Rxb6+ Kxb6 43. Bxh4 Be5 44. Ra3 Rg2+ 45. Kf3 Rh2 46. Bd8+ Kb5 47. Ra1 Rh3+ 48. Kf2 Kc4 49. Ra4+ Kb3 50. Ra5 d3 51. Rd5 Kc2 52. Ba5 Bf4 53. f6 Be5 54. Bb4 Bxf6 55. Rxd6 Bc3 0-1

[Event "M. Gvozdenovica Memorial 2019"]
[Site "Valjevo"]
[Date "2019.10.10"]
[Round "7.1"]
[White "Pezelj, Novak"]
[Black "Tomic, Aleksandar"]
[Result "0-1"]
[ECO "B43"]
[WhiteElo "2479"]
[BlackElo "2360"]
[Annotator "ChessBase"]
[PlyCount "116"]
[EventDate "2019.10.08"]
[EventCountry "SRB"]
[SourceTitle "playchess.com"]
[Source "ChessBase"]
[SourceQuality "1"]
[TimeControl "5400+30"]

1. e4 c5 2. Nf3 e6 3. Nc3 a6 4. d4 cxd4 5. Nxd4 Qc7 6. Bd3 Nf6 7. Qe2 d6 8. f4 Be7 9. O-O Nbd7 10. Kh1 h5 11. Bd2 b6 12. Rae1 Bb7 13. b4 h4 14. f5 e5 15. Nf3 h3 16. gxh3 d5 17. exd5 Bxb4 18. Ne4 Nxd5 19. c3 Bf8 20. h4 N5f6 21. Nxf6+ gxf6 22. Be4 Nc5 23. Bxb7 Qxb7 24. Qg2 O-O-O 25. Re2 Bd6 26. Be1 Nd3 27. Bg3 Nc5 28. Nd2 Be7 29. c4 Rd4 30. Qxb7+ Kxb7 31. Rc1 Rh5 32. Rf1 Bf8 33. Bf2 Rf4 34. Bxc5 Rxf1+ 35. Nxf1 Bxc5 36. Re4 Kc6 37. Ng3 Rh6 38. Kg2 Bd4 39. Rg4 Kc5 40. h5 Kxc4 41. Rg7 Kd3 42. Rxf7 b5 43. Kf3 e4+ 44. Kg4 Rh8 45. Rd7 e3 46. Kf3 Kc4 47. Ne2 Be5 48. Ng3 a5 49. Kxe3 a4 50. Rb7 b4 51. Ne4 Bd4+ 52. Kd2 Rxh5 53. Nd6+ Kd5 54. Rd7 Rxh2+ 55. Kd3 Rh3+ 56. Kc2 b3+ 57. axb3 axb3+ 58. Kd2 Kc6 0-1

[Event "M. Gvozdenovica Memorial 2019"]
[Site "Valjevo"]
[Date "2019.10.10"]
[Round "7.2"]
[White "Budisavljevic, Luka"]
[Black "Blagojevic, Dragisa"]
[Result "0-1"]
[ECO "D48"]
[WhiteElo "2432"]
[BlackElo "2500"]
[Annotator "ChessBase"]
[PlyCount "78"]
[EventDate "2019.10.08"]
[EventCountry "SRB"]
[SourceTitle "playchess.com"]
[Source "ChessBase"]
[SourceQuality "1"]
[TimeControl "5400+30"]

1. d4 d5 2. c4 e6 3. Nc3 c6 4. e3 Nf6 5. Nf3 Nbd7 6. Bd3 dxc4 7. Bxc4 b5 8. Bd3 a6 9. e4 c5 10. d5 c4 11. Bc2 Qc7 12. dxe6 fxe6 13. O-O Bc5 14. e5 Nxe5 15. Bf4 Bd6 16. Bxe5 Bxe5 17. Nxe5 Qxe5 18. Re1 Qc5 19. Ne4 Nxe4 20. Bxe4 Ra7 21. b4 Qg5 22. f4 Qe7 23. Qh5+ Qf7 24. Bc6+ Kf8 25. Qe5 Qc7 26. Qd4 Bd7 27. f5 Bxc6 28. Rf1 Kg8 29. fxe6 Be8 30. e7 h6 31. Rf8+ Kh7 32. Re1 Qd7 33. Qe4+ g6 34. h4 h5 35. Qf4 Rg8 36. Qf6 Rg7 37. Kh2 Rc7 38. Re3 c3 39. Rg3 Qxe7 0-1

[Event "M. Gvozdenovica Memorial 2019"]
[Site "Valjevo"]
[Date "2019.10.10"]
[Round "7.4"]
[White "Ratkovic, Milovan"]
[Black "Markovic, Miroslav"]
[Result "1-0"]
[ECO "A50"]
[WhiteElo "2416"]
[BlackElo "2392"]
[Annotator "NA"]
[PlyCount "49"]
[EventDate "2019.10.08"]
[EventCountry "SRB"]
[SourceTitle "playchess.com"]
[Source "ChessBase"]
[SourceQuality "1"]
[TimeControl "5400+30"]

1. d4 Nf6 2. c4 Nc6 3. Nc3 e5 4. d5 Ne7 5. h4 h5 6. Nf3 Ng6 7. Bg5 Be7 8. e3 d6 9. Qc2 Nf8 10. Bd3 N8h7 11. O-O-O O-O 12. Rdg1 a6 13. Nd2 b5 14. f3 Bd7 15. g4 hxg4 16. fxg4 bxc4 17. Nxc4 c6 18. Kb1 Rc8 19. Nxd6 Bxd6 20. Bxh7+ Kh8 21. Bf5 cxd5 22. Bxf6 gxf6 23. Qd2 Bxf5+ 24. gxf5 e4 25. Qe2 1-0

[Event "M. Gvozdenovica Memorial 2019"]
[Site "Valjevo"]
[Date "2019.10.10"]
[Round "7.5"]
[White "Savic, Miodrag R"]
[Black "Ratkovic, Miloje"]
[Result "1/2-1/2"]
[ECO "B13"]
[WhiteElo "2453"]
[BlackElo "2456"]
[Annotator "ChessBase"]
[PlyCount "37"]
[EventDate "2019.10.08"]
[EventCountry "SRB"]
[SourceTitle "playchess.com"]
[Source "ChessBase"]
[SourceQuality "1"]
[TimeControl "5400+30"]

1. e4 c6 2. d4 d5 3. exd5 cxd5 4. Bd3 Nc6 5. c3 Nf6 6. Nf3 Bg4 7. O-O e6 8. Re1 Be7 9. Nbd2 O-O 10. Nf1 Bh5 11. Bf4 Bg6 12. Ng3 Bxd3 13. Qxd3 Bd6 14. Bxd6 Qxd6 15. Re2 Qc7 16. Rae1 Rab8 17. Ne5 b5 18. a3 a5 19. h3 1/2-1/2

[Event "M. Gvozdenovica Memorial 2019"]
[Site "Valjevo"]
[Date "2019.10.11"]
[Round "8.2"]
[White "Markovic, Miroslav"]
[Black "Savic, Miodrag R"]
[Result "0-1"]
[ECO "A08"]
[WhiteElo "2392"]
[BlackElo "2453"]
[Annotator "ChessBase"]
[PlyCount "28"]
[EventDate "2019.10.08"]
[EventCountry "SRB"]
[SourceTitle "playchess.com"]
[Source "ChessBase"]
[SourceQuality "1"]
[TimeControl "5400+30"]

1. Nf3 d5 2. g3 c5 3. Bg2 Nc6 4. O-O e5 5. d3 Nge7 6. e4 d4 7. Nh4 f6 8. f4 Be6 9. Nd2 Qd7 10. f5 Bg8 11. Bf3 O-O-O 12. Bh5 Kb8 13. a3 Nc8 14. b3 Nb4 0-1

[Event "M. Gvozdenovica Memorial 2019"]
[Site "Valjevo"]
[Date "2019.10.11"]
[Round "8.4"]
[White "Blagojevic, Dragisa"]
[Black "Stojanovic, Dalibor"]
[Result "1/2-1/2"]
[ECO "A05"]
[WhiteElo "2500"]
[BlackElo "2501"]
[Annotator "ChessBase"]
[PlyCount "30"]
[EventDate "2019.10.08"]
[EventCountry "SRB"]
[SourceTitle "playchess.com"]
[Source "ChessBase"]
[SourceQuality "1"]
[TimeControl "5400+30"]

1. Nf3 Nf6 2. g3 g6 3. b3 Bg7 4. Bb2 O-O 5. Bg2 d6 6. d4 c5 7. c4 Nc6 8. O-O cxd4 9. Nxd4 Bd7 10. Nc3 Nxd4 11. Qxd4 Bc6 12. Nd5 Ne8 13. Qd2 Bxb2 14. Qxb2 Bxd5 15. Bxd5 Qb6 1/2-1/2

[Event "M. Gvozdenovica Memorial 2019"]
[Site "Valjevo"]
[Date "2019.10.11"]
[Round "8.5"]
[White "Pezelj, Novak"]
[Black "Budisavljevic, Luka"]
[Result "1/2-1/2"]
[ECO "A06"]
[WhiteElo "2479"]
[BlackElo "2432"]
[Annotator "ChessBase"]
[PlyCount "36"]
[EventDate "2019.10.08"]
[EventCountry "SRB"]
[SourceTitle "playchess.com"]
[Source "ChessBase"]
[SourceQuality "1"]
[TimeControl "5400+30"]

1. Nf3 d5 2. g3 Bg4 3. Bg2 c6 4. O-O e6 5. d3 Bd6 6. e4 Ne7 7. b3 O-O 8. Bb2 Nd7 9. Nbd2 a5 10. a3 b5 11. h3 Bh5 12. Qe1 Qb6 13. Kh1 Rac8 14. Rb1 Bb8 15. Nh2 f6 16. f4 Bf7 17. Nhf3 Rfe8 18. c4 Qa6 1/2-1/2

[Event "M. Gvozdenovica Memorial 2019"]
[Site "Valjevo"]
[Date "2019.10.12"]
[Round "9.1"]
[White "Budisavljevic, Luka"]
[Black "Tomic, Aleksandar"]
[Result "1-0"]
[ECO "A43"]
[WhiteElo "2432"]
[BlackElo "2360"]
[Annotator "ChessBase"]
[PlyCount "67"]
[EventDate "2019.10.08"]
[EventCountry "SRB"]
[SourceTitle "playchess.com"]
[Source "ChessBase"]
[SourceQuality "1"]
[TimeControl "5400+30"]

1. d4 c5 2. d5 e6 3. Nc3 a6 4. a4 Nf6 5. e4 d6 6. Nf3 exd5 7. exd5 Bg4 8. h3 Bxf3 9. Qxf3 Be7 10. Bf4 O-O 11. g4 Nfd7 12. h4 Re8 13. O-O-O Bf8 14. Qg3 Ne5 15. Bd2 b5 16. f4 Ned7 17. g5 c4 18. g6 fxg6 19. h5 gxh5 20. Bh3 Nf6 21. Be6+ Kh8 22. f5 Nbd7 23. Ne2 Nc5 24. Nf4 Nce4 25. Qf3 bxa4 26. Ng6+ hxg6 27. fxg6 Ng3 28. Qxg3 Rxe6 29. dxe6 Rb8 30. Qg5 Kg8 31. Rxh5 Qb6 32. Bc3 Nxh5 33. Qxh5 Qe3+ 34. Bd2 1-0

[Event "M. Gvozdenovica Memorial 2019"]
[Site "Valjevo"]
[Date "2019.10.12"]
[Round "9.2"]
[White "Stojanovic, Dalibor"]
[Black "Pezelj, Novak"]
[Result "1/2-1/2"]
[ECO "B52"]
[WhiteElo "2501"]
[BlackElo "2479"]
[Annotator "ChessBase"]
[PlyCount "30"]
[EventDate "2019.10.08"]
[EventCountry "SRB"]
[SourceTitle "playchess.com"]
[Source "ChessBase"]
[SourceQuality "1"]
[TimeControl "5400+30"]

1. e4 c5 2. Nf3 d6 3. Bb5+ Bd7 4. Bxd7+ Nxd7 5. O-O Ngf6 6. Re1 e5 7. d3 Be7 8. Nc3 O-O 9. Bg5 Ne8 10. Bxe7 Qxe7 11. Nd2 Nc7 12. Nc4 g6 13. Ne3 Nf6 14. a4 b6 15. h3 a6 1/2-1/2

[Event "M. Gvozdenovica Memorial 2019"]
[Site "Valjevo"]
[Date "2019.10.12"]
[Round "9.3"]
[White "Ratkovic, Milovan"]
[Black "Blagojevic, Dragisa"]
[Result "1/2-1/2"]
[ECO "D45"]
[WhiteElo "2416"]
[BlackElo "2500"]
[Annotator "ChessBase"]
[PlyCount "21"]
[EventDate "2019.10.08"]
[EventCountry "SRB"]
[SourceTitle "playchess.com"]
[Source "ChessBase"]
[SourceQuality "1"]
[TimeControl "5400+30"]

1. d4 d5 2. c4 c6 3. Nc3 Nf6 4. e3 e6 5. Nf3 Nbd7 6. Qc2 b6 7. Be2 Bb7 8. O-O Be7 9. b3 O-O 10. Bb2 Qc7 11. Rac1 1/2-1/2